 Dungeon Crawl Stone Soup version 0.30-a0-694-g3340775977 (webtiles) character file.

Game seed: 10297341937077505609

996 Dartaoz the Chopper (level 7, -1/52 HPs)
             Began as a Demonspawn Fighter on Jan 20, 2023.
             Was an Initiate of Okawaru.
             Slain by a water moccasin (3 damage)
             ... on level 5 of the Dungeon.
             The game lasted 00:11:10 (3706 turns).

Dartaoz the Chopper (Demonspawn Fighter)            Turns: 3706, Time: 00:11:10

Health: -1/52      AC: 18    Str: 19    XL:     7   Next: 99%
Magic:  7/7        EV:  1    Int:  9    God:    Okawaru [......]
Gold:   340        SH:  4    Dex: 12    Spells: 6/6 levels left

rFire   + . .      SeeInvis .      - Unarmed
rCold   . . .      Faith    .    c - +0 buckler
rNeg    . . .      Spirit   .    k - +0 crystal plate armour
rPois   .          Reflect  .    (no helmet)
rElec   .          Harm     .    m - +1 cloak
rCorr   .          Rampage  .    (no gloves)
Will    .....                    j - +0 pair of boots Stlth
                                 y - amulet of regeneration
HPRegen 1.08/turn                x - ring of protection from fire
MPRegen 0.10/turn                (no ring)

@: lethally poisoned (-1 -> -3)
A: claws 1, hooves 1, weakness stinger 1
a: Renounce Religion


You were on level 5 of the Dungeon.
You worshipped Okawaru.
Okawaru was noncommittal.
You visited 2 branches of the dungeon, and saw 6 of its levels.

You collected 340 gold pieces.

Inventory:

Hand Weapons
 a - a +0 war axe
Armour
 b - a +0 scale mail
 c - a +0 buckler (worn)
 j - a +0 pair of boots (worn)
 k - a +0 crystal plate armour (worn)
 m - a +1 cloak (worn)
Jewellery
 v - an amulet of magic regeneration
 x - a ring of protection from fire (left claw)
 y - an amulet of regeneration (around neck)
Wands
 u - a wand of acid (2)
Scrolls
 d - a scroll of magic mapping {unknown}
 e - a scroll of fear {unknown}
 h - 3 scrolls of vulnerability
 o - a scroll of identify
 q - a scroll of poison {unknown}
 s - a scroll of teleportation
 w - a scroll of amnesia {unknown}
 B - a scroll of immolation {unknown}
Potions
 f - a potion of attraction
 i - 2 potions of mutation {unknown}
 l - a potion of cancellation {unknown}
 n - a potion of degeneration {unknown}
 p - a potion of flight {unknown}
 t - a potion of brilliance {unknown}
 z - 2 potions of heal wounds {unknown}
 A - a potion of lignification {unknown}


   Skills:
 + Level 3.0 Fighting
 - Level 7.0 Axes
 + Level 2.7 Armour
 - Level 2.6 Shields
 * Level 4.6 Unarmed Combat
 + Level 0.5 Invocations


You had 6 spell levels left.
You didn't know any spells.
Your spell library was empty.

Dungeon Overview and Level Annotations

Branches:
Dungeon (5/15)             Temple (1/1) D:5

Altars:
Dithmenos
Fedhas
Gozag
Hepliaklqana
Kikubaaqudgha
Okawaru
Sif Muna
Vehumet
Xom
Yredelemnul

Shops:
D:3 (

Annotations:
D:5 Duvessa


Innate Abilities, Weirdness & Mutations

You have sharp fingernails.
You have large cloven feet.
You have a small tail.


Message History

You feel very sick.
The water moccasin bites you but does no damage.
Duvessa hits you but does no damage. Dowan hits you with a +0 dagger.
You scratch Dowan.
You kill Dowan!
Okawaru accepts your kill.
Duvessa screams in rage.
Duvessa goes berserk!
You feel sick.
The water moccasin completely misses you.
Duvessa hits you but does no damage. The water moccasin bites you.
You are more poisoned.
The water moccasin poisons you!
You are too injured to fight recklessly!
You are too injured to fight recklessly!
You scratch Duvessa.
Duvessa is heavily wounded.
You feel very sick. You block Duvessa's attack.
You block the water moccasin's attack.
Duvessa hits you with a +1 vampiric rapier.
Duvessa draws strength from your wounds!
You scratch Duvessa.
Duvessa is heavily wounded.
You feel very sick.
The water moccasin bites you but does no damage.
Duvessa hits you with a +1 vampiric rapier.
* * * LOW HITPOINT WARNING * * *
You barely miss Duvessa.
You tail-slap Duvessa, but do no damage.
Duvessa is heavily wounded.
You feel sick.
The water moccasin bites you but does no damage.
Duvessa hits you but does no damage.
The water moccasin completely misses you.
You scratch Duvessa but do no damage. You tail-slap Duvessa.
Duvessa is heavily wounded.
You feel very sick.
Duvessa hits you with a +1 vampiric rapier.
* * * LOW HITPOINT WARNING * * *
The water moccasin bites you.
You die...

##..............##.##..
#[...............##.....
...............[.......#
........................
........................
........................
........................
.....>e)............##..
#...S@.........)..####
###.##...........##..^
#...............#.⌠##
...#.............##.##.
## ######.........#.#.⌠
#.........#.#..
#........##.#.⌠
#......)..#.##.
##........#.⌠##


You could see Duvessa (berserk) and a water moccasin.

Vanquished Creatures
  Grinder (D:3)
  A black bear (D:5)
  2 ogres
  4 scorpions
  Dowan (D:5)
  A hound (D:4)
  An orc priest (D:3)
  An iguana (D:5)
  Robin (D:2)
  2 adders
  4 gnolls (D:2)
  An ufetubus (D:4)
  3 worms
  6 orcs
  4 ball pythons
  8 bats
  3 endoplasms
  A giant cockroach (D:1)
  13 goblins
  15 hobgoblins
  6 jackals
  5 kobolds
  4 quokkas
  2 frilled lizards (D:3)
  5 rats
95 creatures vanquished.

Vanquished Creatures (others)
  6 withered plants
6 creatures vanquished.

Grand Total: 101 creatures vanquished

Notes
Turn   | Place    | Note
-------+----------+-------------------------------------------
     0 | D:1      | Dartaoz the Demonspawn Fighter began the quest for the Orb.
     0 | D:1      | Reached XP level 1. HP: 18/18 MP: 1/1
    44 | D:1      | Reached skill level 2 in Axes
   130 | D:1      | Discovered your monstrous ancestry.
   130 | D:1      | Gained mutation: You have a small tail. [demonic ancestry]
   130 | D:1      | Reached XP level 2. HP: 24/24 MP: 2/2
   554 | D:1      | Reached skill level 3 in Axes
   598 | D:2      | Noticed Robin
   613 | D:2      | Reached XP level 3. HP: 9/29 MP: 3/3
   614 | D:2      | Killed Robin
  1055 | D:2      | Reached skill level 4 in Axes
  1055 | D:2      | Reached XP level 4. HP: 34/35 MP: 4/4
  1067 | D:2      | Found a faded altar of an unknown god.
  1579 | D:3      | Found Cuonn's Weapon Shop.
  1603 | D:3      | Reached XP level 5. HP: 7/41 MP: 5/5
  1808 | D:3      | Reached skill level 5 in Axes
  1941 | D:3      | Noticed Grinder
  1956 | D:3      | Killed Grinder
  1957 | D:3      | Reached skill level 6 in Axes
  1957 | D:3      | Gained mutation: You have large cloven feet. [demonic
                  | ancestry]
  1957 | D:3      | Reached XP level 6. HP: 14/47 MP: 6/6
  2290 | D:3      | Found a shadowy altar of Dithmenos.
  2564 | D:4      | Reached skill level 7 in Axes
  2564 | D:4      | Gained mutation: You have sharp fingernails. [demonic
                  | ancestry]
  2564 | D:4      | Reached XP level 7. HP: 51/52 MP: 7/7
  2637 | D:4      | Reached skill level 1 in Unarmed Combat
  3037 | D:5      | Entered Level 5 of the Dungeon
  3076 | D:5      | Found a staircase to the Ecumenical Temple.
  3085 | Temple   | Entered the Ecumenical Temple
  3274 | Temple   | Became a worshipper of Warmaster Okawaru
  3509 | D:5      | Found an ancient bone altar of Kikubaaqudgha.
  3538 | D:5      | Noticed Dowan
  3555 | D:5      | HP: 2/52 [scorpion (5)]
  3562 | D:5      | Noticed Duvessa
  3580 | D:5      | HP: 2/52 [poisoned by a water moccasin]
  3585 | D:5      | HP: 1/52 [poisoned by a water moccasin]
  3702 | D:5      | Killed Dowan
  3706 | D:5      | HP: 2/52 [Duvessa/+1 vampiric rapier (5)]
  3706 | D:5      | Slain by a water moccasin

Illustrated notes

Levels and vault maps discovered:
D:1:      amcnicky_arrival_wind_blow, layout_basic
D:2:      layout_loops_corners, ebering_ecumenical_altar_petrified,
          minmay_pentomino_u2, uniq_robin
D:3:      layout_loops_ring, mainiacjoe_overflow_six_doors_small, serial_shops,
          nicolae_shop_crystal, uniq_grinder
D:4:      layout_cave_pools
D:5:      layout_cave_pools, nicolae_ru_sacrificial_ziggurat,
          kiku_gazebo_garden_becter, minmay_temple_entry_mini_moons,
          serial_bayou_ford_a, grunt_ministairs_11, uniq_duvessa
Temple:   chequers_temple_sunken

Skill      XL: |  1  2  3  4  5  6  7 |
---------------+----------------------+-----
Axes           | 2 3 4 6 7 |  7.0
Unarmed Combat | 4 |  4.6
Fighting       | |  3.0
Armour         | |  2.7
Shields        | |  2.6
Invocations    | |  0.5

Action                   |  1- 3 |  4- 6 |  7- 9 || total
-------------------------+-------+-------+-------++-------
Melee: War axe           |    92 |   131 |       ||   223
       Tailslap          |     9 |    16 |    16 ||    41
       Unarmed           |       |       |   127 ||   127
  Use: Potion            |       |     3 |     4 ||     7
       Scroll            |       |       |     2 ||     2
Armor: Scale mail        |    37 |       |       ||    37
       Crystal plate arm |    18 |   115 |   115 ||   248
Dodge: Dodged            |    30 |    10 |     9 ||    49
Block: Buckler           |    19 |    23 |    26 ||    68

Table legend: (Time is in decaauts)
 A = Elapsed time spent in this place.
 B = Non-inter-level travel time spent in this place.
 C = Inter-level travel time spent in this place.
 D = Time resting spent in this place.
 E = Time spent auto-exploring this place.
 F = Levels seen in this place.
 G = Mean time per level.
                   A        B        C        D        E       F      G
               +--------+--------+--------+--------+--------+-----+--------+
         Total |   3848 |   3773 |     75 |     31 |   2915 |   6 |  641.3 |
       Dungeon |   3579 |   3513 |     66 |     31 |   2677 |   5 |  715.8 |
        Temple |    268 |    259 |      9 |      0 |    237 |   1 |  268.0 |
               +--------+--------+--------+--------+--------+-----+--------+

Top non-repeatable levels by time:
     D:2: 953 daAuts
     D:3: 925 daAuts
     D:4: 627 daAuts
     D:1: 605 daAuts
     D:5: 468 daAuts
  Temple: 268 daAuts
